 Dungeon Crawl Stone Soup version 0.30-a0-847-g17996783a1 (webtiles) character file.

Game seed: 16039820568651344623

3740 greasedhog the Grappler (level 10, -1/64 HPs)
             Began as a Gargoyle Transmuter on Feb 22, 2023.
             Was an Initiate of Wu Jian.
             Slain by Duck's ghost (14 damage)
             ... on level 5 of the Dungeon on Mar 4, 2023.
             The game lasted 00:15:06 (6971 turns).

greasedhog the Grappler (Gargoyle Transmuter)       Turns: 6971, Time: 00:15:06

Health: -1/64      AC: 11    Str: 18    XL:     10   Next: 15%
Magic:  12/13      EV: 13    Int: 14    God:    Wu Jian [......]
Gold:   341        SH:  0    Dex: 10    Spells: 12/13 levels left

rFire   . . .      SeeInvis .      - Unarmed
rCold   . . .      Faith    .    (no shield)
rNeg    + + .      Spirit   .    s - +0 leather armour
rPois   ∞          Reflect  .    (helmet currently unavailable)
rElec   +          Rampage  .    i - +0 cloak
rCorr   +                        (no gloves)
Will    .....                    j - melded +0 pair of boots
Stlth   +                        (no amulet)
HPRegen 0.30/turn                u - ring of positive energy
MPRegen 0.13/turn                b - ring of resist corrosion

@: appendages (expiring)
A: horns 2, talons 2, sickness immunity, AC +7, negative energy resistance 1,
electricity resistance, torment resistance 1, petrification resistance
a: End Transformation, Renounce Religion


You were on level 5 of the Dungeon.
You worshipped Wu Jian.
Wu Jian was noncommittal.
You had temporarily grown beastly horns and talons.
You visited 2 branches of the dungeon, and saw 7 of its levels.
You also visited: Ossuary.

You collected 341 gold pieces.

Inventory:

Missiles
 f - 10 boomerangs
Armour
 i - a +0 cloak (worn)
 j - a +0 pair of boots (melded)
 s - a +0 leather armour (worn)
Jewellery
 a - a ring of magical power
 b - a ring of resist corrosion (right hand)
 u - a ring of positive energy (left hand)
Wands
 z - a wand of roots (6)
 A - a wand of flame (21)
Scrolls
 e - 3 scrolls of fog
 g - 5 scrolls of teleportation
 k - a scroll of enchant armour
 l - a scroll of immolation
 m - 4 scrolls of noise {unknown}
 q - 2 scrolls of magic mapping {unknown}
 t - 3 scrolls of vulnerability {unknown}
 v - a scroll of enchant weapon
 w - a scroll of amnesia {unknown}
 y - a scroll of identify
Potions
 c - 3 potions of attraction
 d - 3 potions of resistance
 n - a potion of magic
 o - a potion of might {unknown}
 p - 5 potions of curing {unknown}
 r - 3 potions of mutation {unknown}
 x - a potion of brilliance {unknown}


   Skills:
 + Level 7.8 Fighting
 + Level 4.0 Armour
 - Level 5.2 Dodging
 * Level 10.6 Unarmed Combat
 - Level 2.0 Spellcasting
 - Level 1.5 Transmutations


You had 12 spell levels left.
You knew the following spells:

 Your Spells              Type           Power      Damage    Failure   Level
a - Beastly Appendage     Tmut           10%        N/A       16%         1

Your spell library contained the following spells:

 Spells                   Type           Power      Damage    Failure   Level
 Wereblood                Tmut           5%         N/A       22%         2
 Slow                     Hex            4%         N/A       28%         1
 Spider Form              Tmut/Pois      3%         N/A       52%         3
 Confusing Touch          Hex            1%         N/A       63%         3
 Vampiric Draining        Necr           1%         2d6       63%         3
 Ice Form                 Ice/Tmut       3%         N/A       90%         4


Dungeon Overview and Level Annotations

Branches:
Dungeon (6/15)             Temple (1/1) D:6         Ossuary (visited)

Altars:
Ashenzari
Fedhas
Hepliaklqana
Kikubaaqudgha
Makhleb
Nemelex Xobeh
Qazlal
Ru
Trog
Vehumet
Wu Jian
Xom
Yredelemnul

Shops:
D:3 =   D:6 (

Annotations:
D:5 Duck's ghost, amateur FeBe


Innate Abilities, Weirdness & Mutations

You have temporarily grown beastly horns and talons.
You are immune to sickness and miasma.
Your stone body is resilient. (AC +7)
You are immune to poison.
You resist negative energy. (rN+)
You are resistant to electric shocks. (rElec)
You are resistant to unholy torment.
You are immune to petrification.


Message History

Press: ? - help, Shift-Dir - straight line, f - komodo dragon
Aim: a komodo dragon The roots erupt in riotous growth!
Duck's ghost is unaffected.
Roots grab the komodo dragon.
The grasping roots constrict the komodo dragon.
Duck's ghost hits you!
* * * LOW HITPOINT WARNING * * *
You feel much better.
The grasping roots constrict the komodo dragon.
The roots release their grip on the komodo dragon.
Duck's ghost barely misses you. Duck's ghost attacks as you move away!
Duck's ghost hits you but does no damage.
The orc sings a few bars from the Orcish anthem.
There is a stone staircase leading up here.
An orc wizard appears from thin air!
Reactivating autopickup.
Duck's ghost misses you.
You climb upwards.
There is a stone staircase leading down here.
Casting: Beastly Appendage (safe; 16% risk of failure)
Confirm with . or Enter, or press ? or * to list all spells.
You grow a pair of large bovine horns.
Your feet morph into talons.
Your +0 pair of boots melds into your body.
Duck's ghost completely misses you.
You miss Duck's ghost.
Duck's ghost is heavily damaged.
Duck's ghost hits you but does no damage.
You completely miss Duck's ghost.
Duck's ghost is heavily damaged.
Your transformation is almost over.
Duck's ghost hits you!
* * * LOW HITPOINT WARNING * * *
You miss Duck's ghost. Your headbutt misses Duck's ghost.
Duck's ghost is heavily damaged.
You miss Duck's ghost. Your kick misses Duck's ghost.
Your headbutt misses Duck's ghost.
Duck's ghost is heavily damaged.
Duck's ghost hits you!
You die...

#.#.# #.#....###....#
#.# #. #.#.#
#....#........#
#.#####. #.#.#
####.#.###.####
#....... #.#.# #.#.#
#.# #..##### #.#.#
#.#.# #<# ###..#...#
##.#.# #.#.# #.#
#....#.#.# #....#
#.#.# #.# #.#.##.#.#
#############.#.###.#
#.#.##.#.#
................@.#.#
#.#....#.#
#############.#W#.#.#
#.######.#
####........#.#.#.#.#
#........#
....).......#.#...#.#
##########
#############.#####.#
## #.......# #.
######### ## # #


You could see Duck's ghost.

Vanquished Creatures
  A two-headed ogre (D:6)
  Pikel (D:5)
  Prince Ribbit (D:5)
  Sigmund (D:4)
  2 wraiths
  Edmund (D:3)
  An ice beast (D:5)
  2 ogres
  The ghost of Pimp the Conjurer, an amateur TeRe (D:3)
  A bullfrog (D:6)
  Blork the orc (D:4)
  4 scorpions
  4 wights (D:5)
  A howler monkey (D:5)
  6 hounds
  2 orc priests
  2 gnoll boudas
  6 iguanas
  Natasha (thrice) (D:2)
  7 orc wizards
  A mummy (Ossuary)
  10 gnolls
  7 adders
  A shadow imp (D:6)
  3 worms
  3 dart slugs
  14 orcs
  10 ball pythons
  4 bats
  8 endoplasms
  3 giant cockroaches
  7 goblins
  3 hobgoblins
  7 jackals
  2 quokkas (D:1)
  5 frilled lizards
  6 gnoll skeletons (Ossuary)
  8 kobolds
  6 kobold skeletons (Ossuary)
  13 orc skeletons (Ossuary)
  9 rats
  A spectral goblin (D:5)
179 creatures vanquished.

Notes
Turn   | Place    | Note
-------+----------+-------------------------------------------
     0 | D:1      | greasedhog the Gargoyle Transmuter began the quest for the
                  | Orb.
     0 | D:1      | Reached XP level 1. HP: 12/12 MP: 3/3
   115 | D:1      | Reached XP level 2. HP: 13/16 MP: 5/5
   542 | D:1      | Reached XP level 3. HP: 20/21 MP: 6/6
  1407 | D:2      | Noticed Natasha
  1412 | D:2      | Reached skill level 4 in Unarmed Combat
  1412 | D:2      | Reached XP level 4. HP: 26/26 MP: 5/7
  1418 | D:2      | Killed Natasha
  1619 | D:2      | Noticed Natasha
  1633 | D:2      | Killed Natasha
  1730 | D:2      | Noticed Natasha
  1736 | D:2      | Killed Natasha
  1737 | D:2      | Reached XP level 5. HP: 9/31 MP: 6/8
  1837 | D:3      | Found Owukesine's Jewellery Shop.
  2057 | D:3      | Reached skill level 5 in Unarmed Combat
  2064 | D:3      | Reached XP level 6. HP: 25/37 MP: 6/9
  2383 | D:3      | Found a runed translucent door.
  2384 | D:3      | Noticed Pimp's ghost (amateur TeRe)
  2585 | D:3      | Killed Pimp's ghost
  2758 | D:4      | Noticed Edmund
  2816 | D:3      | Killed Edmund
  2817 | D:3      | Reached XP level 7. HP: 25/42 MP: 10/10
  2926 | D:4      | Reached skill level 6 in Unarmed Combat
  3031 | D:4      | Found a sand-covered staircase.
  3100 | D:4      | Noticed Sigmund
  3114 | D:4      | Killed Sigmund
  3220 | Ossuary  | Entered an ossuary
  3220 | Ossuary  | Noticed a wraith
  3220 | Ossuary  | Noticed a wraith
  3220 | Ossuary  | Noticed a wraith
  3232 | Ossuary  | Upgraded the game from 0.30-a0-800-g7c544603b3 to
                  | 0.30-a0-847-g17996783a1
  3285 | Ossuary  | Reached XP level 8. HP: 42/48 MP: 11/11
  3371 | Ossuary  | Noticed a wraith
  3410 | Ossuary  | Killed a wraith
  3411 | Ossuary  | Reached skill level 5 in Fighting
  3411 | Ossuary  | Reached skill level 7 in Unarmed Combat
  4082 | D:4      | Noticed Blork the orc
  4102 | D:4      | Killed Blork the orc
  4269 | D:5      | Entered Level 5 of the Dungeon
  4344 | D:5      | Reached skill level 8 in Unarmed Combat
  4660 | D:5      | Reached XP level 9. HP: 25/55 MP: 12/12
  4772 | D:5      | Noticed Pikel
  4822 | D:5      | Killed Pikel
  4823 | D:5      | Reached skill level 5 in Dodging
  4823 | D:5      | Reached skill level 9 in Unarmed Combat
  4988 | D:5      | Noticed Prince Ribbit
  4999 | D:5      | Killed Prince Ribbit
  5000 | D:5      | Reached skill level 1 in Armour
  5698 | D:5      | Found a hazy altar of Hepliaklqana.
  6278 | D:6      | Found a runed translucent gate.
  6278 | D:6      | Noticed Duck's ghost (amateur FeBe)
  6337 | D:6      | Found a runed translucent gate.
  6338 | D:6      | Found a runed translucent gate.
  6339 | D:6      | Noticed a komodo dragon
  6422 | D:6      | Noticed a two-headed ogre
  6449 | D:6      | Killed a two-headed ogre
  6450 | D:6      | Reached skill level 10 in Unarmed Combat
  6450 | D:6      | Reached XP level 10. HP: 62/64 MP: 11/13
  6558 | D:6      | Found Zuru's Antique Weapon Emporium.
  6693 | D:6      | Found a staircase to the Ecumenical Temple.
  6702 | Temple   | Entered the Ecumenical Temple
  6793 | Temple   | Became a worshipper of the Wu Jian Council
  6971 | D:5      | Slain by Duck's ghost

Illustrated notes

Levels and vault maps discovered:
D:1:      lemuel_arrival_broad_hall, layout_basic,
          nicolae_kite_square_tiling_tiny, minmay_split_cup_large
D:2:      layout_loops_ring, minmay_misc_feat_columns, st_stairs_4, uniq_natasha
D:3:      layout_rooms, gammafunk_ghost_grave, serial_shops, shop
D:4:      layout_basic, nicolae_ossuary_entry_false_entrances,
          kennysheep_pointless_box, minmay_misc_feat_tiny, uniq_blork_the_orc,
          uniq_edmund, uniq_sigmund
D:5:      layout_basic, nicolae_hepliaklqana_monster_ancestors, uniq_pikel,
          uniq_prince_ribbit1
D:6:      layout_basic, minmay_temple_entry_large_hall, gammafunk_ghost_split,
          serial_shops, nicolae_shop_stone
Temple:   nicolae_temple_hex_pool

Skill      XL: |  1  2  3  4  5  6  7  8  9 10 |
---------------+-------------------------------+-----
Dodging        | 2 3 4 5 |  5.2
Fighting       | 2 3 4 6 7 |  7.8
Unarmed Combat | 4 5 6 8 10 | 10.6
Armour         | 3 4 |  4.0
Spellcasting   | |  2.0
Transmutations | |  1.5

Action                     |  1- 3 |  4- 6 |  7- 9 | 10-12 || total
---------------------------+-------+-------+-------+-------++-------
  Melee: Unarmed           |   131 |   120 |   337 |    25 ||   613
         Punch             |     3 |     4 |    20 |     1 ||    28
         Kick              |    13 |    24 |    68 |     4 ||   109
         Headbutt          |     4 |    12 |    43 |     2 ||    61
  Throw: Throwing net      |       |     2 |       |       ||     2
         Boomerang         |       |       |     5 |       ||     5
   Cast: Beastly Appendage |    15 |    19 |    48 |     4 ||    86
  Evoke: Wand              |       |    11 |     3 |     1 ||    15
    Use: Scroll            |     3 |     1 |     5 |       ||     9
         Potion            |       |     1 |     3 |     2 ||     6
   Stab: Held in net/web   |       |     1 |       |       ||     1
 Armour: Robe              |    26 |     6 |       |       ||    32
         Leather armour    |       |    23 |    98 |     7 ||   128
         Skin              |       |     7 |    14 |       ||    21
  Dodge: Dodged            |    74 |    56 |   139 |    19 ||   288

Table legend: (Time is in decaauts)
 A = Elapsed time spent in this place.
 B = Non-inter-level travel time spent in this place.
 C = Inter-level travel time spent in this place.
 D = Time resting spent in this place.
 E = Time spent auto-exploring this place.
 F = Levels seen in this place.
 G = Mean time per level.
                   A        B        C        D        E       F      G
               +--------+--------+--------+--------+--------+-----+--------+
         Total |   6927 |   6711 |    216 |    494 |   4616 |   8 |  865.9 |
       Dungeon |   6393 |   6217 |    176 |    494 |   4320 |   6 | 1065.5 |
        Temple |    112 |     72 |     40 |      0 |     61 |   1 |  112.0 |
       Ossuary |    421 |    421 |      0 |      0 |    235 |   1 |  421.0 |
               +--------+--------+--------+--------+--------+-----+--------+

Top non-repeatable levels by time:
     D:5: 1727 daAuts
     D:4: 1101 daAuts
     D:2: 1009 daAuts
     D:3: 963 daAuts
     D:1: 821 daAuts
     D:6: 769 daAuts
 Ossuary: 421 daAuts
  Temple: 112 daAuts
